 Dungeon Sprint DCSS version 0.22.1-1-ga44c0e56f4 (webtiles) character file.

118 MuseOD the Covert (level 4, 0/23 (25) HPs)
             Began as a Spriggan Enchanter on Oct 3, 2018.
             Slain by a necrophage (5 damage)
             ... in the Dungeon (Sprint III: "The Ten Rune Challenge").
             The game lasted 00:01:12 (360 turns).

MuseOD the Covert (Spriggan Enchanter)               Turns: 360, Time: 00:01:13

HP:   0/23 (25)     AC:  2    Str:  4    XL:     4   Next: 72%
MP:   9/9           EV: 18    Int: 17    God:
Gold: 42            SH:  0    Dex: 16    Spells: 2/8 levels left

rFire    . . .     SeeInvis +   a - +1 dagger
rCold    . . .     Gourm    .   (shield restricted)
rNeg     . . .     Faith    .   b - +0 robe
rPois    .         Spirit   .   (helmet restricted)
rElec    .         Reflect  .   (no cloak)
rCorr    .         Harm     .   (gloves unavailable)
MR       .....     NoTele   +   (boots unavailable)
Stlth    ++++......             (no amulet)
HPRegen  0.07/turn              (no ring)
MPRegen  0.11/turn              (no ring)

@: very quick
A: very small, unfitting armour, hooves 1, see invisible, herbivore, speed 3,
slow metabolism 2, no potion heal 1
a: no special abilities


You were in the Dungeon.
You were not hungry.

You visited 1 branch You collected 42 gold pieces.

Inventory:

Hand Weapons
 a - a +1 dagger (weapon)
Armour
 b - a +0 robe (worn)
Scrolls
 i - a scroll of holy word {unknown}
 j - a scroll of blinking
 k - 5 scrolls of identify {unknown}
 m - a scroll of immolation {unknown}
 n - a scroll of remove curse {unknown}
Potions
 e - 2 potions of curing
 f - 3 potions of heal wounds
 g - a potion of haste
 h - 2 potions of magic
 l - a potion of flight {unknown}
Comestibles
 d - 3 rations


   Skills:
 + Level 3.6 Fighting
 * Level 7.3 Short Blades
 - Level 3.0 Dodging
 + Level 8.5 Stealth
 - Level 2.6 Spellcasting
 - Level 3.6 Hexes


You had 2 spell levels left.
You knew the following spells:

 Your Spells              Type           Power        Failure   Level  Hunger
a - Corona                Hex            ##.....      4%          1    #......
b - Ensorcelled Hibernat  Hex/Ice        #.....       13%         2    ##.....
c - Confuse               Hex            ##......     12%         3    ###....

Your spell library contained the following spells:

 Spells                   Type           Power        Failure   Level  Hunger
 Tukima's Dance           Hex            ##......     12%         3    ###....
 Dazzling Spray           Conj/Hex       #.....       26%         3    ###....


Dungeon Overview and Level Annotations

Branches:
Dungeon (1/1)

Altars:
Dithmenos
Ru
Yredelemnul


Innate Abilities, Weirdness & Mutations

You are very small and have problems with some larger weapons.
You are too small for most types of armour.
You have supernaturally acute eyesight. (SInv)
You are a herbivore.
You cover ground extremely quickly.
You need to consume almost no food.
You have large cloven feet.
Potions are less effective at restoring your health.


Message History

Things that are here:
a dagger; a robe You barely miss the necrophage.
The necrophage hits you.
* * * LOW HITPOINT WARNING * * *
You feel your flesh rotting away!
You hit the necrophage but do no damage.
You hit the necrophage.
The necrophage is lightly damaged.
The necrophage barely misses you.
You hit the necrophage.
You kick the necrophage, but do no damage.
The necrophage is lightly damaged.
The necrophage misses you.
You barely miss the necrophage. Your kick misses the necrophage.
The necrophage is lightly damaged.
You hit the necrophage but do no damage.
You kick the necrophage.
The necrophage is lightly damaged.
The necrophage hits you.
You die...

▓ ▓▓▓ ♣ ♣.# #### ♣
♣.# #__# ♣♣ ♣.#
#n@#
.♣♣♣♣.###+#+###'##
♣♣♣...#..........#
≈♣♣♣..'.⌠........#
≈≈≈...#...######+#
≈≈....#.⌠.#
≈.....#...#
......#+###
......#


You could see a necrophage.

Vanquished Creatures
  A water elemental (D)
  A necromancer (D)
  A human (D)
  A wolf (D)
  An ooze (D)
  3 rats (D)
8 creatures vanquished.

Vanquished Creatures (others)
  2 draconian scorchers (D)
  6 hellions (D)
  2 yaktaurs (D)
10 creatures vanquished.

Grand Total: 18 creatures vanquished

Notes
Turn   | Place    | Note
-------+----------+-------------------------------------------
     0 | D        | MuseOD the Spriggan Enchanter began the quest for the Orb.
     0 | D        | Reached XP level 1. HP: 9/9 MP: 5/5
     7 | D        | Reached skill level 1 in Fighting
     7 | D        | Reached skill level 5 in Stealth
    70 | D        | Killed a yaktaur
    89 | D        | Noticed a wolf
    92 | D        | Killed a hellion
   114 | D        | Killed a wolf
   114 | D        | Reached skill level 6 in Stealth
   114 | D        | Reached XP level 2. HP: 14/15 MP: 6/6
   118 | D        | Killed a hellion
   122 | D        | Reached skill level 5 in Short Blades
   122 | D        | Reached XP level 3. HP: 12/19 MP: 8/8
   145 | D        | Killed a hellion
   146 | D        | Killed a hellion
   153 | D        | Killed a white draconian scorcher
   172 | D        | Learned a level 2 spell: Ensorcelled Hibernation
   173 | D        | Killed a yaktaur
   176 | D        | Learned a level 3 spell: Confuse
   176 | D        | Killed a white draconian scorcher
   185 | D        | Killed a hellion
   253 | D        | Killed a hellion
   308 | D        | Gained mutation: You are dopey. (Int -2) [potion of
                  | mutation]
   308 | D        | Gained mutation: Your movements are slightly less
                  | encumbered by armour. (ER -2) [potion of mutation]
   309 | D        | Lost mutation: You are dopey. (Int -2) [potion of mutation]
   309 | D        | Lost mutation: Your movements are slightly less encumbered
                  | by armour. (ER -2) [potion of mutation]
   309 | D        | Gained mutation: Your magical capacity is low. (-10% MP)
                  | [potion of mutation]
   309 | D        | Gained mutation: You are robust. (+10% HP) [potion of
                  | mutation]
   310 | D        | Lost mutation: You are robust. (+10% HP) [potion of
                  | mutation]
   310 | D        | Lost mutation: Your magical capacity is low. (-10% MP)
                  | [potion of mutation]
   310 | D        | Gained mutation: You are resistant to hostile enchantments.
                  | (MR+) [potion of mutation]
   310 | D        | Gained mutation: You are partially covered in large bone
                  | plates. (SH +4) [potion of mutation]
   310 | D        | Gained mutation: You are frail. (-10% HP) [potion of
                  | mutation]
   311 | D        | Lost mutation: You are partially covered in large bone
                  | plates. (SH +4) [potion of mutation]
   311 | D        | Lost mutation: You are frail. (-10% HP) [potion of
                  | mutation]
   311 | D        | Lost mutation: You are resistant to hostile enchantments.
                  | (MR+) [potion of mutation]
   311 | D        | Gained mutation: You are agile. (Dex +2) [potion of
                  | mutation]
   311 | D        | Gained mutation: You are surrounded by a mild repulsion
                  | field. (EV +2) [potion of mutation]
   312 | D        | Lost mutation: You are agile. (Dex +2) [potion of mutation]
   312 | D        | Lost mutation: You are surrounded by a mild repulsion
                  | field. (EV +2) [potion of mutation]
   312 | D        | Gained mutation: You have large cloven feet. [potion of
                  | mutation]
   312 | D        | Gained mutation: You are clumsy. (Dex -2) [potion of
                  | mutation]
   312 | D        | Gained mutation: Potions are less effective at restoring
                  | your health. [potion of mutation]
   312 | D        | Lost mutation: You are clumsy. (Dex -2) [potion of
                  | mutation]
   326 | D        | Noticed a water elemental
   329 | D        | Killed a water elemental
   329 | D        | Reached skill level 8 in Stealth
   329 | D        | Reached XP level 4. HP: 22/24 MP: 9/9
   338 | D        | Found a basalt altar of Yredelemnul.
   338 | D        | Found a shadowy altar of Dithmenos.
   338 | D        | Found a sacrificial altar of Ru.
   338 | D        | Noticed a necrophage
   360 | D        | Slain by a necrophage

Skill      XL: |  1  2  3  4 |
---------------+-------------+-----
Fighting       | 1 2 3 |  3.6
Short Blades   | 4 5 6 7 |  7.3
Stealth        | 6 8 |  8.5
Dodging        | |  3.0
Spellcasting   | |  2.6
Hexes          | |  3.6

Action                   |  1- 3 |  4- 6 || total
-------------------------+-------+-------++-------
Melee: Dagger            |    31 |    20 ||    51
       Kick              |       |     4 ||     4
  Use: Potion            |     6 |       ||     6
 Stab: Sleeping          |     5 |       ||     5
Armor: Robe              |     1 |       ||     1
Dodge: Dodged            |    18 |    12 ||    30
